 Dungeon Crawl Stone Soup version 0.18.1-48-g4cf74bf (webtiles) character file.

1533 dearth the Cleaver (level 8, 0/71 HPs)
             Began as a Hill Orc Fighter on Aug 5, 2016.
             Was a Believer of Okawaru.
             Slain by a wight
             ... wielding a cursed +0 falchion
              (1 damage)
             ... on level 7 of the Dungeon.
             The game lasted 00:15:53 (5637 turns).

dearth the Cleaver (Hill Orc Fighter)               Turns: 5637, Time: 00:15:54

Health: 0/71       AC: 10    Str: 21    XL:     8   Next: 85%
Magic:  10/10      EV:  7    Int: 10    God:    Okawaru [**....]
Gold:   291        SH: 11    Dex: 10    Spells: 0 memorised, 7 levels left

rFire  . . .     SeeInvis .     a - +1 war axe
rCold  . . .     Gourm    .     g - +2 scale mail {rPois}
rNeg   . . .     Faith    .     c - +1 shield
rPois  +         Spirit   .     (no helmet)
rElec  .         Dismiss  .     (no cloak)
rCorr  .         Reflect  .     (no gloves)
SustAt .         Harm     .     (no boots)
MR     .....                    (no amulet)
Stlth  ..........               (no ring)
                                r - +1 ring of protection

@: drained, not resistant to hostile enchantments, extremely unstealthy
A: clever 1
a: Heroism, Renounce Religion, Convert to Beogh


You were on level 7 of the Dungeon.
You worshipped Okawaru.
Okawaru was pleased with you.
You were not hungry.

You visited 1 branch of the dungeon, and saw 7 of its levels.
You also visited: Sewer.

You collected 291 gold pieces.

Inventory:

Hand Weapons
 a - a +1 war axe (weapon)
Armour
 c - a +1 shield (worn)
 g - a +2 scale mail of poison resistance (worn)
Jewellery
 r - a +1 ring of protection (left hand)
Wands
 j - a wand of slowing (8/48)
 k - a wand of digging (15/24)
 w - a wand of digging (11/24)
Scrolls
 b - 2 scrolls of fog
 i - 7 scrolls of identify
 l - 2 scrolls of blinking
 m - 6 scrolls of teleportation
 p - 3 scrolls of recharging
 q - a scroll of enchant weapon
 v - a scroll of magic mapping
Potions
 d - 2 potions of might
 e - 2 potions of cancellation
 n - 2 potions of brilliance
 o - a potion of ambrosia {unknown}
 s - a potion of degeneration {unknown}
 u - 3 potions of heal wounds
 x - a potion of magic {unknown}
Comestibles
 f - 3 bread rations
 h - 3 beef jerkies


   Skills:
 + Level 6.4(5.5) Fighting
 * Level 8.3(7.3) Axes
 + Level 5.7(4.8) Armour
 - Level 0.4(0.0) Dodging
 + Level 5.9(4.9) Shields
 + Level 2.6(1.8) Invocations
 + Level 3.3(2.4) Evocations


You had 7 spell levels left.
You didn't know any spells.

Dungeon Overview and Level Annotations

Branches:
Dungeon (7/15)             Temple (0/1) D:5

Altars:
Ashenzari
Cheibriados
Dithmenos
Elyvilon
Fedhas
Kikubaaqudgha
Okawaru
Qazlal
Sif Muna
Xom
The Shining One


Innate Abilities, Weirdness & Mutations

Your mind is acute. (Int +2)


Message History

The wight hits you but does no damage.
Unknown command.
You hit the orc warrior but do no damage.
You slash the wight!
The wight is heavily damaged.
You hit the wight but do no damage. You block the wight's attack.
You block the orc warrior's attack.
The wight hits you with an enchanted hand axe.
You slash the orc warrior!
The orc warrior is moderately wounded.
You barely miss the wight.
Your shield and scale mail prevent you from hitting the wight.
The wight is heavily damaged.
The wight hits you with a falchion!
* * * LOW HITPOINT WARNING * * *
You block the wight's attack.
The orc warrior hits you with a halberd!!
* * * LOW HITPOINT WARNING * * *
The wight hits you with a falchion.
You die...

#. ..#
####(...##
..!.....
###.#.#..### #
..........#.#
#..........#
#.#.#z...#
#.÷o@....#
#.#z###..#
......ozz....#
#####..z.....#
#...##.....
#.... .....
###.. #.## #.#
.# ..# .


You could see an orc warrior, 4 wights and an orc priest.

Vanquished Creatures
  A water moccasin (D:5)
  An ice beast (D:5)
  2 sky beasts (D:6)
  An orc warrior (D:6)
  An ogre (D:5)
  2 big kobolds (Sewer)
  A water moccasin skeleton (D:5)
  3 scorpions
  A crimson imp (D:5)
  2 hounds
  An orc priest (D:5)
  An iguana (D:6)
  Ijyb (D:3)
  Terence (D:3)
  A giant frog skeleton (D:5)
  2 orc wizards (D:6)
  4 worker ants
  2 hound skeletons (D:5)
  5 gnolls
  5 adders
  3 shadow imps
  An adder zombie (D:5)
  A worm (D:6)
  2 dart slugs (D:1)
  A giant gecko (D:5)
  15 orcs
  3 giant cockroaches
  14 goblins
  10 hobgoblins
  9 jackals
  2 quokkas (D:4)
  3 ball pythons
  10 bats
  A giant gecko zombie (D:5)
  7 giant newts
  A jackal skeleton (D:4)
  15 kobolds
  17 rats
153 creatures vanquished.

Vanquished Creatures (others)
  A rat (D:2)
1 creature vanquished.

Grand Total: 154 creatures vanquished

Notes
Turn   | Place    | Note
--------------------------------------------------------------
     0 | D:1      | dearth the Hill Orc Fighter began the quest for the Orb.
     0 | D:1      | Reached XP level 1. HP: 19/19 MP: 1/1
    83 | D:1      | Reached XP level 2. HP: 21/27 MP: 2/2
    87 | D:1      | Reached skill level 3 in Axes
   255 | D:1      | Reached XP level 3. HP: 22/33 MP: 3/3
   815 | D:2      | Found a white marble altar of Elyvilon.
   928 | D:2      | Found a shattered altar of Ashenzari.
  1118 | D:2      | Found a glowing golden altar of the Shining One.
  1153 | D:2      | Reached XP level 4. HP: 40/40 MP: 4/4
  1441 | D:3      | Gained mutation: You are clumsy. (Dex -2) [potion of mutation]
  1441 | D:3      | Gained mutation: Your mind is acute. (Int +2) [potion of mutation]
  1441 | D:3      | Lost mutation: You are clumsy. (Dex -2) [potion of mutation]
  1442 | D:3      | Noticed Terence
  1452 | D:3      | Killed Terence
  1452 | D:3      | Reached skill level 4 in Axes
  1705 | D:3      | Found an ancient bone altar of Kikubaaqudgha.
  1784 | D:3      | Noticed Ijyb
  1793 | D:3      | Reached XP level 5. HP: 42/47 MP: 5/5
  1808 | D:3      | Killed Ijyb
  2015 | D:3      | Found an iron altar of Okawaru.
  2056 | D:3      | Became a worshipper of Warmaster Okawaru
  2234 | D:4      | Found a stormy altar of Qazlal.
  2236 | D:4      | Noticed a water elemental
  2237 | D:4      | Noticed an air elemental
  2237 | D:4      | Noticed a fire elemental
  2246 | D:4      | Found a blossoming altar of Fedhas.
  2461 | D:4      | Found a shimmering altar of Xom.
  2470 | D:4      | Reached skill level 5 in Fighting
  2569 | D:4      | Reached XP level 6. HP: 37/56 MP: 6/6
  3014 | D:4      | Found a deep blue altar of Sif Muna.
  3234 | D:5      | Entered Level 5 of the Dungeon
  3246 | D:5      | Noticed an ice beast
  3255 | D:5      | Reached skill level 5 in Axes
  3258 | D:5      | Killed an ice beast
  3258 | D:5      | Reached skill level 1 in Evocations
  3327 | D:5      | Reached * piety under Okawaru
  3327 | D:5      | Reached skill level 6 in Axes
  3327 | D:5      | Reached XP level 7. HP: 61/61 MP: 6/8
  3459 | D:5      | Reached skill level 5 in Shields
  3702 | D:5      | Reached skill level 5 in Armour
  3807 | D:5      | Reached ** piety under Okawaru
  3807 | D:5      | Reached skill level 7 in Axes
  3807 | D:5      | Reached XP level 8. HP: 35/70 MP: 9/9
  4006 | D:5      | Found a staircase to the Ecumenical Temple.
  4093 | D:6      | Identified a scroll of acquirement
  4096 | D:6      | Got a transparent quarterstaff
  4263 | D:6      | Found a glowing drain.
  4270 | Sewer    | Entered a sewer
  4314 | Sewer    | Reached skill level 1 in Invocations
  4496 | D:6      | Found a snail-covered altar of Cheibriados.
  4779 | D:6      | Reached skill level 8 in Axes
  4843 | D:6      | Found a shadowy altar of Dithmenos.
  5637 | D:7      | HP: 1/71 [orc warrior/halberd (19)]
  5637 | D:7      | Slain by a wight

Skill      XL: |  1  2  3  4  5  6  7  8 |
---------------+-------------------------+-----
Axes           | 3 4 6 7 8 |  8.3
Fighting       | 4 5 6 |  6.4
Shields        | 4 5 |  5.9
Armour         | 4 5 |  5.7
Evocations     | 1 2 3 |  3.3
Invocations    | 2 |  2.6
Dodging        | |  0.4

Action                   |  1- 3 |  4- 6 |  7- 9 || total
-------------------------+-------+-------+-------++-------
Melee: War axe           |   118 |   167 |   212 ||   497
  Use: Scroll            |       |    14 |     2 ||    16
       Potion            |       |     7 |       ||     7
  Eat: Royal jelly       |       |     1 |       ||     1
       Chunk             |       |     2 |       ||     2
       Meat ration       |       |     1 |       ||     1
       Bread ration      |       |       |     1 ||     1
       Pizza             |       |       |     2 ||     2
Armor: Scale mail        |    69 |   108 |   106 ||   283
Dodge: Dodged            |    36 |    57 |    56 ||   149
Block: Shield            |    65 |   112 |   134 ||   311
